 Dungeon Crawl Stone Soup version 0.25-a0-589-g1e14c549ee (webtiles) character file.

Game seed: 9644958525453530584, levelgen mode: deterministic

1329 ReteAZ the Grappler (level 8, -12/49 HPs)
             Began as a Gargoyle Fighter on Mar 13, 2020.
             Mangled by a fire elemental (14 damage)
             ... summoned by a deep elf mage
             ... on level 6 of the Dungeon.
             The game lasted 00:08:41 (6002 turns).

ReteAZ the Grappler (Gargoyle Fighter)              Turns: 6002, Time: 00:08:42

Health: -12/49     AC: 19    Str: 25    XL:     8   Next: 60%
Magic:  8/8        EV:  5    Int: 11    God:
Gold:   68         SH: 10    Dex:  9    Spells: 7/7 levels left

rFire    . . .     SeeInvis .     - Unarmed
rCold    . . .     Gourm    .   b - +0 kite shield
rNeg     + . .     Faith    .   y - +0 plate armour
rPois    ∞         Spirit   .   (no helmet)
rElec    +         Reflect  .   (no cloak)
rCorr    .         Harm     .   (no gloves)
MR       +....                  C - +0 pair of boots {Stlth+}
Stlth    ..........             (no amulet)
HPRegen  0.16/turn              f - +5 ring of strength
MPRegen  0.11/turn              s - ring of protection from magic

@: no status effects
A: negative energy resistance 1, electricity resistance, unbreathing,
petrification resistance, rot immunity, AC +5
a: no special abilities


You were on level 6 of the Dungeon.
You were not hungry.

You visited 1 branch of the dungeon, and saw 6 of its levels.
You also visited: Sewer.

You collected 248 gold pieces.
You spent 180 gold pieces at shops.

Inventory:

Missiles
 t - 5 silver boomerangs (quivered)
Armour
 a - a +0 scale mail
 b - a +0 kite shield (worn)
 o - a +0 buckler
 y - a +0 plate armour (worn)
 C - a +0 pair of boots of stealth (worn)
Jewellery
 f - a +5 ring of strength (left hand)
 s - a ring of protection from magic (right hand)
 D - an uncursed ring of stealth
Wands
 v - a wand of enslavement (12)
Scrolls
 e - a scroll of noise {unknown}
 g - a scroll of fear {unknown}
 h - a scroll of enchant armour {unknown}
 i - 7 scrolls of identify {unknown}
 j - 4 scrolls of remove curse {unknown}
 l - 6 scrolls of fog {unknown}
 m - 2 scrolls of enchant weapon {unknown}
 p - a scroll of amnesia {unknown}
 q - 5 scrolls of teleportation {unknown}
 r - 3 scrolls of blinking {unknown}
Potions
 c - 4 potions of might
 k - a potion of resistance {unknown}
 n - 2 potions of heal wounds
 u - 3 potions of flight {unknown}
 x - a potion of berserk rage {unknown}
 z - 2 potions of stabbing {unknown}
 A - a potion of curing {unknown}
 B - a potion of brilliance {unknown}
 E - a potion of ambrosia {unknown}
Comestibles
 d - 13 rations
 w - 7 chunks of flesh


   Skills:
 - Level 5.1 Fighting
 - Level 5.0 Armour
 - Level 5.0 Shields
 * Level 8.4 Unarmed Combat


You had 7 spell levels left.
You didn't know any spells.
Your spell library was empty.

Dungeon Overview and Level Annotations

Branches:
Dungeon (6/15)              Sewer (visited)
 Temple: D:4-7

Altars:
Gozag

Shops:
D:5 ![


Innate Abilities, Weirdness & Mutations

You are resistant to torment.
Your stone body is resilient. (AC +5)
You are immune to poison.
You resist negative energy. (rN+)
You are resistant to electric shocks. (rElec)
You can survive without breathing.
You are immune to petrification.
You are immune to rotting.


Message History

The deep elf mage hits you but does no damage.
You block the fire elemental's attack. The fire elemental hits you.
The fire elemental burns you!
Your shield and plate armour prevent you from hitting the deep elf mage.
The deep elf mage is severely wounded.
The fire elemental hits you. The fire elemental burns you!
You block the fire elemental's attack.
The deep elf mage hits you but does no damage.
You block the fire elemental's attack.
You closely miss the deep elf mage.
The deep elf mage is severely wounded.
The fire elemental barely misses you. The fire elemental hits you.
The fire elemental burns you!
* * * LOW HITPOINT WARNING * * *
The fire elemental hits you. The fire elemental burns you!
* * * LOW HITPOINT WARNING * * *
The deep elf mage mumbles some strange words.
The deep elf mage blinks!
The fire elemental hits you. The fire elemental burns you!
You die...

#.......................##
#........................#
#........................#
#...................##..##
#...###########.....#...####
#........e....#.....#..##..#
#.........○E..#.....'..##..##
#...8######EE'#....^#.##....#
#.........+8@°#.....#.##....#
##........+...#.....#)#......
##.......+⌠.:#.....#)#......
#.8######+++#......).......
#........ #..............
#........ #......#......#
#.###########......########
#.............####.#
############### ###


You could see a deep elf mage and 3 fire elementals.

Vanquished Creatures
  Sigmund (D:6)
  A black bear (D:4)
  A phantom (D:4)
  3 bullfrogs (D:6)
  A wyvern zombie (D:6)
  A scorpion (D:3)
  3 crimson imps
  4 orc wizards
  2 orc priests (D:3)
  A hound (D:4)
  4 worker ants
  A hound zombie (D:5)
  A worker ant zombie (D:6)
  4 gnolls
  8 adders
  A river rat (D:5)
  An adder skeleton (D:5)
  2 adder zombies (D:5)
  2 dart slugs
  7 leopard geckos
  24 orcs
  6 giant cockroaches
  6 goblins
  3 hobgoblins
  13 jackals
  A quokka (D:3)
  4 ball pythons
  7 bats
  5 frilled lizards
  A jackal zombie (D:5)
  7 kobolds
  A leopard gecko zombie (D:5)
  A quokka zombie (D:5)
  7 rats
135 creatures vanquished.

Notes
Turn   | Place    | Note
-------+----------+-------------------------------------------
     0 | D:1      | ReteAZ the Gargoyle Fighter began the quest for the Orb.
     0 | D:1      | Reached XP level 1. HP: 14/14 MP: 1/1
   478 | D:1      | Reached XP level 2. HP: 19/19 MP: 2/2
   859 | D:2      | Reached XP level 3. HP: 8/23 MP: 3/3
  1071 | D:2      | Reached skill level 3 in Unarmed Combat
  1071 | D:2      | Reached XP level 4. HP: 18/29 MP: 4/4
  2035 | D:3      | Reached XP level 5. HP: 22/33 MP: 5/5
  2657 | D:3      | You fall into a shaft and drop 3 floors!
  2670 | D:6      | Reached skill level 4 in Unarmed Combat
  2745 | D:6      | Reached XP level 6. HP: 20/39 MP: 6/6
  2891 | D:5      | Entered Level 5 of the Dungeon
  2932 | D:5      | Found a glowing drain.
  3029 | Sewer    | Entered a sewer
  3698 | D:4      | Noticed a black bear
  4258 | D:4      | Noticed a phantom
  4308 | D:3      | Reached XP level 7. HP: 18/44 MP: 7/7
  4563 | D:4      | Reached skill level 5 in Unarmed Combat
  4724 | D:4      | Reached skill level 5 in Fighting
  4724 | D:4      | Reached skill level 5 in Armour
  4724 | D:4      | Reached skill level 5 in Shields
  4931 | D:5      | Found Isioli's Antique Armour Shoppe.
  4940 | D:5      | Bought a pair of glowing boots for 180 gold pieces
  5055 | D:5      | Found Dysot's Distillery.
  5332 | D:5      | Reached skill level 6 in Unarmed Combat
  5427 | D:6      | Reached XP level 8. HP: 49/49 MP: 8/8
  5527 | D:6      | Reached skill level 7 in Unarmed Combat
  5751 | D:6      | Found an opulent altar of Gozag.
  5801 | D:6      | Noticed Sigmund
  5817 | D:6      | Killed Sigmund
  5817 | D:6      | Reached skill level 8 in Unarmed Combat
  5980 | D:6      | Noticed a deep elf mage
  6001 | D:6      | HP: 2/49 [fire elemental[a deep elf mage] (8)]
  6002 | D:6      | Mangled by a fire elemental

Levels and vault maps discovered:
D:1:      psy_arrival_basics, layout_basic, nrook_mini_backslash
D:2:      layout_loops_ring
D:3:      layout_rooms
D:4:      layout_rooms
D:5:      layout_loops_cross, portal_sewer_entry_c, first_ration, serial_shops,
          nicolae_shop_waterfront, shop
D:6:      layout_gridville, grunt_gozag_breadcrumbs, grunt_decor_fettered,
          minmay_misc_feat_x, guppyfry_early_elven_hall, uniq_sigmund

Skill      XL: |  1  2  3  4  5  6  7  8 |
---------------+-------------------------+-----
Unarmed Combat | 3 4 6 8 |  8.4
Fighting       | 4 5 |  5.1
Armour         | 4 5 |  5.0
Shields        | 4 5 |  5.0

Action                   |  1- 3 |  4- 6 |  7- 9 || total
-------------------------+-------+-------+-------++-------
Melee: Unarmed           |    96 |   554 |   279 ||   929
Throw: Boomerang         |       |     3 |     9 ||    12
  Use: Potion            |       |       |     2 ||     2
  Eat: Chunk             |       |    12 |     6 ||    18
Armor: Scale mail        |    34 |   268 |       ||   302
       Plate armour      |       |       |   167 ||   167
Dodge: Dodged            |    21 |   191 |    43 ||   255
Block: Kite shield       |    32 |   300 |   126 ||   458

Table legend:
 A = Non-vault XP
 B = Vault XP
 C = Vault XP percentage of total XP
 D = Non-vault monster count
 E = Vault monster count
 F = Vault count percentage of total count
                 A         B        C        D         E       F
            +---------+---------+-------+---------+---------+-------
      Total |    1622 |     277 |  14.6 |     114 |      21 |  15.6
            +---------+---------+-------+---------+---------+-------
        D:1 |      30 |       0 |   0.0 |       9 |       0 |   0.0
        D:2 |     105 |       0 |   0.0 |      19 |       0 |   0.0
        D:3 |     307 |       0 |   0.0 |      32 |       0 |   0.0
        D:4 |     301 |       0 |   0.0 |       7 |       0 |   0.0
        D:5 |     255 |      19 |   6.9 |      26 |       5 |  16.1
        D:6 |     624 |     231 |  27.0 |      21 |       1 |   4.5
      Sewer |       0 |      27 | 100.0 |       0 |      15 | 100.0
            +---------+---------+-------+---------+---------+-------
